| TOP OF THE 1ST |
|
Los Angeles (NYP) Angels batting - Pitching for Vancouver Canadians : RHP Jon Thomason
|
|
Pitching: RHP Jon Thomason
|
|
|
Batting: RHB Ivan Barrientos
|
0-0: SOLO HOME RUN (Flyball, 9LD, EV 100.0 MPH), Distance : 390 ft
|
|
Batting: RHB Scott Webb
|
0-0: Ball 1-0: Bunt missed! 1-1: Ball 2-1: SINGLE (Groundball, 56D, EV 103.8 MPH)
|
|
Batting: RHB Dean LeCroy
|
Pickoff Play to 1st, Runner tries for 2nd, SAFE after rundown. 0-0: Swinging Strike 0-1: Called Strike 0-2: Foul Ball, location: 2F 0-2: Foul Ball, location: 2F 0-2: Strikes out swinging
|
|
Batting: RHB Dan Burkhart
|
0-0: Swinging Strike 0-1: Ball Wild Pitch! Scott Webb to third 1-1: Ball 2-1: Foul Ball, location: 2F 2-2: Strikes out swinging
|
|
Batting: LHB Bill Girton
|
0-0: Ball 1-0: Ball 2-0: Ball 3-0: Called Strike 3-1: Swinging Strike 3-2: Strikes out swinging
|
| Top of the 1st over - 1 run, 2 hits, 0 errors, 1 left on base; Los Angeles (NYP) 1 - Vancouver 0 |
| BOTTOM OF THE 1ST |
|
Vancouver Canadians batting - Pitching for Los Angeles (NYP) Angels : LHP Si-hun Yi
|
|
Pitching: LHP Si-hun Yi
|
|
|
Batting: RHB Jose Ontiveros
|
0-0: Foul Ball, location: 2F 0-1: Foul Ball, location: 2F 0-2: Ball 1-2: Ball 2-2: SINGLE (Line Drive, 56D, EV 95.6 MPH)
|
|
Batting: RHB Bobby Roldan
|
0-0: Foul Ball, location: 2F 0-1: Ball 1-1: Swinging Strike 1-2: Foul Ball, location: 2F 1-2: Foul Ball, location: 2F 1-2: Ball 2-2: Fly out, F4 (Popup, 4S, EV 66.9 MPH)
|
|
Batting: RHB Adam O'Hare
|
0-0: Ball Jose Ontiveros steals 2nd base 1-0: Called Strike 1-1: Foul Ball, location: 2F 1-2: Ball 2-2: Strikes out swinging
|
|
Batting: RHB Selam Chimsima
|
0-0: Ball 1-0: Ball 2-0: Called Strike 2-1: Ball 3-1: Base on Balls
|
|
Batting: RHB Tristan Dennis
|
0-0: Foul Ball, location: 2F 0-1: Fly out, F9 (Line Drive, 89M, EV 106.9 MPH)
|
| Bottom of the 1st over - 0 runs, 1 hit, 0 errors, 2 left on base; Los Angeles (NYP) 1 - Vancouver 0 |
| TOP OF THE 2ND |
|
Los Angeles (NYP) Angels batting - Pitching for Vancouver Canadians : RHP Jon Thomason
|
|
Batting: RHB Aaron Bryant
|
0-0: Ball 1-0: Ball 2-0: Ball 3-0: Base on Balls
|
|
Batting: SHB Yuya Hirata
|
0-0: Ball 1-0: 2-RUN HOME RUN (Flyball, 89XD, EV 96.9 MPH), Distance : 402 ft
|
|
Batting: RHB Kyle Gray
|
0-0: Ball 1-0: Ball 2-0: Ball 3-0: Foul Ball, location: 2F 3-1: Foul Ball, location: 2F 3-2: SINGLE (Groundball, 6D, EV 103.1 MPH)
|
|
Batting: RHB Arnaud Derosiers
|
0-0: Called Strike 0-1: Ball 1-1: Foul Ball, location: 2F 1-2: Ball 2-2: Foul Ball, location: 2F 2-2: Strikes out looking
|
|
Batting: RHB Ivan Barrientos
|
0-0: Fly out, F8 (Flyball, 89XD, EV 101.9 MPH)
|
|
Batting: RHB Scott Webb
|
0-0: Called Strike 0-1: SINGLE (Groundball, 56D, EV 104.4 MPH) Kyle Gray to second
|
|
Batting: RHB Dean LeCroy
|
0-0: Ball Wild Pitch! Kyle Gray to third Scott Webb to second 1-0: Ball 2-0: Foul Ball, location: 2F 2-1: Ball 3-1: Base on Balls
|
|
Batting: RHB Dan Burkhart
|
0-0: Fly out, F3 (Popup, 3SF, EV 88.8 MPH)
|
| Top of the 2nd over - 2 runs, 3 hits, 0 errors, 3 left on base; Los Angeles (NYP) 3 - Vancouver 0 |
| BOTTOM OF THE 2ND |
|
Vancouver Canadians batting - Pitching for Los Angeles (NYP) Angels : LHP Si-hun Yi
|
|
Batting: RHB John Rios
|
0-0: Fly out, F8 (Line Drive, 78M, EV 91.9 MPH)
|
|
Batting: RHB Gary Wilson
|
0-0: Ground out 4-3 (Groundball, 4, EV 87.5 MPH)
|
|
Batting: LHB Julio Canseco
|
0-0: Fly out, F7 (Flyball, 7S, EV 88.8 MPH)
|
| Bottom of the 2nd over - 0 runs, 0 hits, 0 errors, 0 left on base; Los Angeles (NYP) 3 - Vancouver 0 |
| TOP OF THE 3RD |
|
Los Angeles (NYP) Angels batting - Pitching for Vancouver Canadians : RHP Jon Thomason
|
|
Batting: LHB Bill Girton
|
0-0: Foul Ball, location: 2F 0-1: Fly out, F8 (Line Drive, 8LD, EV 95.0 MPH)
|
|
Batting: RHB Aaron Bryant
|
0-0: Called Strike 0-1: Ground out 4-3 (Groundball, 4M, EV 101.2 MPH)
|
|
Batting: SHB Yuya Hirata
|
0-0: Ball 1-0: Foul Ball, location: 2F 1-1: Fly out, F6 (Popup, 6MS, EV 72.5 MPH)
|
| Top of the 3rd over - 0 runs, 0 hits, 0 errors, 0 left on base; Los Angeles (NYP) 3 - Vancouver 0 |
| BOTTOM OF THE 3RD |
|
Vancouver Canadians batting - Pitching for Los Angeles (NYP) Angels : LHP Si-hun Yi
|
|
Batting: RHB Jorge Alva
|
0-0: Called Strike 0-1: Ball 1-1: Ball 2-1: Foul Ball, location: 2F 2-2: DOUBLE (Line Drive, 78D, EV 106.2 MPH)
|
|
Batting: RHB Jose Ontiveros
|
0-0: Foul Ball, location: 2F 0-1: Ball Wild Pitch! Jorge Alva to third 1-1: Foul Ball, location: 2F 1-2: Ball 2-2: Foul Ball, location: 2F 2-2: Foul Ball, location: 2F 2-2: Ground out 6-3 (Groundball, 6, EV 75.6 MPH) Jorge Alva scores
|
|
Batting: RHB Bobby Roldan
|
0-0: Ball 1-0: SOLO HOME RUN (Flyball, 7LD, EV 98.8 MPH), Distance : 373 ft
|
|
Batting: RHB Adam O'Hare
|
0-0: Ball 1-0: Ball 2-0: Called Strike 2-1: Foul Ball, location: 2F 2-2: Foul Ball, location: 2F 2-2: Ground out 4-3 (Groundball, 4, EV 104.4 MPH)
|
|
Batting: RHB Selam Chimsima
|
0-0: Ball 1-0: Called Strike 1-1: Fly out, F8 (Flyball, 8LXD, EV 91.9 MPH)
|
| Bottom of the 3rd over - 2 runs, 2 hits, 0 errors, 0 left on base; Los Angeles (NYP) 3 - Vancouver 2 |
| TOP OF THE 4TH |
|
Los Angeles (NYP) Angels batting - Pitching for Vancouver Canadians : RHP Jon Thomason
|
|
Batting: RHB Kyle Gray
|
0-0: Called Strike 0-1: Ball 1-1: Ball 2-1: SINGLE (Flyball, 34D, EV 85.6 MPH)
|
|
Batting: RHB Arnaud Derosiers
|
0-0: Ball 1-0: Ball 2-0: Fielders Choice at 2nd, 1-4 (Groundball, 25, EV 70.0 MPH)
|
|
Batting: RHB Ivan Barrientos
|
0-0: Fielders Choice at 2nd, 5-4 (Groundball, 56S, EV 78.8 MPH)
|
|
Batting: RHB Scott Webb
|
0-0: Ball Ivan Barrientos steals 2nd base 1-0: Fly out, F3 (Popup, 23F, EV 76.2 MPH)
|
| Top of the 4th over - 0 runs, 1 hit, 0 errors, 1 left on base; Los Angeles (NYP) 3 - Vancouver 2 |
| BOTTOM OF THE 4TH |
|
Vancouver Canadians batting - Pitching for Los Angeles (NYP) Angels : LHP Si-hun Yi
|
|
Batting: RHB Tristan Dennis
|
0-0: Called Strike 0-1: Ball 1-1: Ball 2-1: Swinging Strike 2-2: Fly out, F8 (Flyball, 8RXD, EV 103.1 MPH)
|
|
Batting: RHB John Rios
|
0-0: Ground out 6-3 (Groundball, 6, EV 86.9 MPH)
|
|
Batting: RHB Gary Wilson
|
0-0: DOUBLE (Line Drive, 9LM, EV 103.1 MPH)
|
|
Batting: LHB Julio Canseco
|
0-0: Fly out, F4 (Line Drive, 4, EV 68.1 MPH)
|
| Bottom of the 4th over - 0 runs, 1 hit, 0 errors, 1 left on base; Los Angeles (NYP) 3 - Vancouver 2 |
| TOP OF THE 5TH |
|
Los Angeles (NYP) Angels batting - Pitching for Vancouver Canadians : RHP Jon Thomason
|
|
Batting: RHB Dean LeCroy
|
0-0: Ball 1-0: Ball 2-0: Swinging Strike 2-1: Foul Ball, location: 2F 2-2: Foul Ball, location: 2F 2-2: Strikes out swinging
|
|
Batting: RHB Dan Burkhart
|
0-0: Ball 1-0: Ball 2-0: SOLO HOME RUN (Flyball, 7LD, EV 96.2 MPH), Distance : 399 ft
|
|
Batting: LHB Bill Girton
|
0-0: Ball 1-0: Ball 2-0: Called Strike 2-1: Foul Ball, location: 2F 2-2: Fly out, F9 (Flyball, 9S, EV 93.8 MPH)
|
|
Batting: RHB Aaron Bryant
|
0-0: Swinging Strike 0-1: Ball 1-1: Ball 2-1: Ball 3-1: Base on Balls
|
|
Pitching: RHP Marcus Reiling
|
|
|
Batting: SHB Yuya Hirata
|
0-0: Ball 1-0: Foul Ball, location: 2F 1-1: Called Strike 1-2: Ball 2-2: Foul Ball, location: 2F 2-2: Strikes out swinging
|
| Top of the 5th over - 1 run, 1 hit, 0 errors, 1 left on base; Los Angeles (NYP) 4 - Vancouver 2 |
| BOTTOM OF THE 5TH |
|
Vancouver Canadians batting - Pitching for Los Angeles (NYP) Angels : LHP Si-hun Yi
|
|
Batting: RHB Jorge Alva
|
0-0: Foul Ball, location: 2F 0-1: Ball 1-1: Ball 2-1: Ground out 5-3 (Groundball, 56S, EV 80.6 MPH)
|
|
Batting: RHB Jose Ontiveros
|
0-0: Foul Ball, location: 2F 0-1: Ground out 6-3 (Groundball, 6, EV 86.2 MPH)
|
|
Batting: RHB Bobby Roldan
|
0-0: Ball 1-0: Foul Ball, location: 2F 1-1: Foul Ball, location: 2F 1-2: Strikes out swinging
|
| Bottom of the 5th over - 0 runs, 0 hits, 0 errors, 0 left on base; Los Angeles (NYP) 4 - Vancouver 2 |
| TOP OF THE 6TH |
|
Los Angeles (NYP) Angels batting - Pitching for Vancouver Canadians : RHP Marcus Reiling
|
|
Batting: RHB Kyle Gray
|
0-0: Ball 1-0: Fly out, F7 (Flyball, 7, EV 83.8 MPH)
|
|
Batting: RHB Arnaud Derosiers
|
0-0: Ball 1-0: Called Strike 1-1: Called Strike 1-2: Strikes out looking
|
|
Batting: RHB Ivan Barrientos
|
0-0: Ball 1-0: Ball 2-0: Called Strike 2-1: Swinging Strike 2-2: Ground out 6-3 (Groundball, 6, EV 86.2 MPH)
|
| Top of the 6th over - 0 runs, 0 hits, 0 errors, 0 left on base; Los Angeles (NYP) 4 - Vancouver 2 |
| BOTTOM OF THE 6TH |
|
Vancouver Canadians batting - Pitching for Los Angeles (NYP) Angels : LHP Si-hun Yi
|
|
Batting: RHB Adam O'Hare
|
0-0: Ball 1-0: Fly out, F9 (Flyball, 9D, EV 82.5 MPH)
|
|
Batting: RHB Selam Chimsima
|
0-0: Called Strike 0-1: Swinging Strike 0-2: Ball 1-2: Strikes out looking
|
|
Batting: RHB Tristan Dennis
|
0-0: Ball 1-0: Called Strike 1-1: Called Strike 1-2: Ground out 5-3 (Groundball, 56, EV 81.9 MPH)
|
| Bottom of the 6th over - 0 runs, 0 hits, 0 errors, 0 left on base; Los Angeles (NYP) 4 - Vancouver 2 |
| TOP OF THE 7TH |
|
Los Angeles (NYP) Angels batting - Pitching for Vancouver Canadians : RHP Marcus Reiling
|
|
Batting: RHB Scott Webb
|
0-0: Ball 1-0: Swinging Strike 1-1: Swinging Strike 1-2: Strikes out swinging
|
|
Batting: RHB Dean LeCroy
|
0-0: Ball 1-0: Called Strike 1-1: Ground out 6-3 (Groundball, 6, EV 83.1 MPH)
|
|
Batting: RHB Dan Burkhart
|
0-0: Called Strike 0-1: Swinging Strike 0-2: Ball 1-2: Ball 2-2: Foul Ball, location: 2F 2-2: Ball 3-2: Base on Balls
|
|
Batting: LHB Bill Girton
|
0-0: Foul Ball, location: 2F 0-1: Fly out, F8 (Line Drive, 89M, EV 93.1 MPH)
|
| Top of the 7th over - 0 runs, 0 hits, 0 errors, 1 left on base; Los Angeles (NYP) 4 - Vancouver 2 |
| BOTTOM OF THE 7TH |
|
Vancouver Canadians batting - Pitching for Los Angeles (NYP) Angels : LHP Si-hun Yi
|
|
Pitching: RHP Kunihiro Sasaki
|
|
|
Batting: RHB John Rios
|
0-0: Ball 1-0: Ball 2-0: Ball 3-0: Base on Balls
|
|
Pinch Hitting: LHB Tso-lin Fen
|
0-0: Called Strike 0-1: Ball 1-1: Swinging Strike 1-2: Fielders Choice at 2nd, 1-4 (Groundball, 15S, EV 65.0 MPH)
|
|
Batting: LHB Julio Canseco
|
0-0: Called Strike Tso-lin Fen steals 2nd base 0-1: Foul Ball, location: 2F 0-2: Ball Wild Pitch! Tso-lin Fen to third 1-2: Ball 2-2: Foul Ball, location: 2F 2-2: Ball 3-2: Base on Balls
|
|
Pinch Hitting: LHB Ron de Vos
|
0-0: Called Strike Julio Canseco is caught stealing 2nd base 2-6 0-1: Ball 1-1: Swinging Strike 1-2: Strikes out swinging
|
| Bottom of the 7th over - 0 runs, 0 hits, 0 errors, 1 left on base; Los Angeles (NYP) 4 - Vancouver 2 |
| TOP OF THE 8TH |
|
Los Angeles (NYP) Angels batting - Pitching for Vancouver Canadians : RHP Marcus Reiling
|
|
Now at 1B: Akira Kubo
|
|
|
Now in CF: Ron de Vos
|
|
|
Batting: RHB Aaron Bryant
|
0-0: Foul Ball, location: 2F 0-1: Swinging Strike 0-2: Strikes out swinging, 2-3 out at first.
|
|
Batting: SHB Yuya Hirata
|
0-0: Ball 1-0: Ball 2-0: Ball 3-0: Base on Balls
|
|
Batting: RHB Kyle Gray
|
0-0: Fly out, F7 (Flyball, 78S, EV 93.1 MPH)
|
|
Batting: RHB Arnaud Derosiers
|
0-0: Ground out 4-3 (Groundball, 4, EV 81.9 MPH)
|
| Top of the 8th over - 0 runs, 0 hits, 0 errors, 1 left on base; Los Angeles (NYP) 4 - Vancouver 2 |
| BOTTOM OF THE 8TH |
|
Vancouver Canadians batting - Pitching for Los Angeles (NYP) Angels : RHP Kunihiro Sasaki
|
|
Batting: RHB Jose Ontiveros
|
0-0: Ball 1-0: Called Strike 1-1: Ball 2-1: Called Strike 2-2: Foul Ball, location: 2F 2-2: Strikes out looking
|
|
Pinch Hitting: LHB Devin Huber
|
0-0: Called Strike 0-1: Ball 1-1: Ball 2-1: Swinging Strike 2-2: Strikes out swinging
|
|
Batting: RHB Adam O'Hare
|
0-0: Called Strike 0-1: Ball 1-1: Fly out, F8 (Flyball, 8LD, EV 99.4 MPH)
|
| Bottom of the 8th over - 0 runs, 0 hits, 0 errors, 0 left on base; Los Angeles (NYP) 4 - Vancouver 2 |
| TOP OF THE 9TH |
|
Los Angeles (NYP) Angels batting - Pitching for Vancouver Canadians : RHP Marcus Reiling
|
|
Now at SS: Luis Reyes
|
|
|
Batting: RHB Ivan Barrientos
|
0-0: Ball 1-0: Foul Ball, location: 2F 1-1: Ball 2-1: Ball 3-1: Swinging Strike 3-2: Base on Balls
|
|
Batting: RHB Scott Webb
|
0-0: Ball Ivan Barrientos steals 2nd base 1-0: Swinging Strike 1-1: Ball 2-1: Called Strike 2-2: Strikes out swinging
|
|
Batting: RHB Dean LeCroy
|
0-0: Foul Ball, location: 2F 0-1: Ball 1-1: Ball 2-1: Foul Ball, location: 2F 2-2: Ball 3-2: Foul Ball, location: 2F 3-2: Foul Ball, location: 2F 3-2: Foul Ball, location: 2F 3-2: Strikes out swinging
|
|
Batting: RHB Dan Burkhart
|
0-0: Ball 1-0: SINGLE (Groundball, 34D, EV 98.1 MPH) Ivan Barrientos to third Runner from 3rd tries for Home, throw by RF and OUT! 9-2
|
| Top of the 9th over - 0 runs, 1 hit, 0 errors, 1 left on base; Los Angeles (NYP) 4 - Vancouver 2 |
| BOTTOM OF THE 9TH |
|
Vancouver Canadians batting - Pitching for Los Angeles (NYP) Angels : RHP Kunihiro Sasaki
|
|
Pitching: RHP Matt Doherty
|
|
|
Now at 2B: Yuya Hirata
|
|
|
Now at 3B: Ron Major
|
|
|
Now in LF: Davey Verhoog
|
|
|
Batting: RHB Selam Chimsima
|
0-0: Called Strike 0-1: Ground out U3 (Groundball, 3, EV 83.8 MPH)
|
|
Pinch Hitting: SHB Scott Robbins
|
0-0: Ball 1-0: Called Strike 1-1: Foul Ball, location: 2F 1-2: Ball 2-2: SINGLE (Groundball, 4MD, EV 98.1 MPH)
|
|
Pinch Hitting: LHB Frank Nelson
|
0-0: Ball 1-0: Called Strike 1-1: Fly out, F7 (Flyball, 78S, EV 90.0 MPH)
|
|
Pinch Hitting: LHB Lothar Middelkoop
|
0-0: Ball 1-0: Fly out, F8 (Flyball, 89M, EV 91.2 MPH)
|
| Bottom of the 9th over - 0 runs, 1 hit, 0 errors, 1 left on base; Los Angeles (NYP) 4 - Vancouver 2 |
|